 Dungeon Crawl Stone Soup version 0.28.0 (webtiles) character file.

Game seed: 5089104825247031362

158 Hasart the Skirmisher (level 4, -2/38 HPs)
             Began as a Demigod Fighter on Feb 13, 2022.
             Killed by nerve-wracking pain
             ... invoked by an orc priest
              (10 damage)
             ... on level 2 of the Dungeon.
             The game lasted 00:04:00 (2768 turns).

Hasart the Skirmisher (Demigod Fighter)             Turns: 2768, Time: 00:04:01

Health: -2/38      AC: 11    Str: 17    XL:     4   Next: 94%
Magic:  6/6        EV:  7    Int: 10    God:
Gold:   123        SH:  5    Dex: 17    Spells: 3/3 levels left

rFire   . . .      SeeInvis .   a - +0 long sword
rCold   . . .      Faith    .   c - +0 buckler
rNeg    . . .      Spirit   .   f - +0 chain mail
rPois   .          Reflect  .   k - +0 helmet
rElec   .          Harm     .   (no cloak)
rCorr   .          Rampage  .   (no gloves)
Will    .....                   b - +0 pair of boots
Stlth   ..........              (no amulet)
HPRegen 0.12/turn               (no ring)
MPRegen 0.10/turn               (no ring)

@: no status effects
A: high MP 1, forlorn, divine attributes
a: no special abilities


You were on level 2 of the Dungeon.
You visited 1 branch of the dungeon, and saw 3 of its levels.

You collected 123 gold pieces.

Inventory:

Hand Weapons
 a - a +0 long sword (weapon)
Missiles
 i - 9 poisoned darts (quivered)
Armour
 b - a +0 pair of boots (worn)
 c - a +0 buckler (worn)
 f - a +0 chain mail (worn)
 k - a +0 helmet (worn)
Scrolls
 e - a scroll of fog {unknown}
 g - 2 scrolls of teleportation {unknown}
 j - 2 scrolls of identify {unknown}
Potions
 d - a potion of might
 h - 2 potions of haste {unknown}
 l - 2 potions of curing {unknown}


   Skills:
 + Level 3.3 Fighting
 * Level 3.0 Long Blades
 + Level 1.0 Throwing
 + Level 3.2 Armour
 + Level 1.5 Dodging
 + Level 3.1 Shields


You had 3 spell levels left.
You didn't know any spells.
Your spell library contained the following spells:

 Spells                   Type           Power      Damage    Failure   Level
 Animate Skeleton         Necr           0%         N/A       100%        1
 Pain                     Necr           0%         1d4       100%        1
 Ensorcelled Hibernation  Hex/Ice        0%         N/A       100%        2
 Passwall                 Tmut/Erth      0%         N/A       100%        2
 Swiftness                Air            0%         N/A       100%        3
 Vampiric Draining        Necr           0%         2d6       100%        3


Dungeon Overview and Level Annotations

Branches:
Dungeon (3/15)


Innate Abilities, Weirdness & Mutations

You have an increased reservoir of magic. (+10% MP)
You shall have no god before yourself.
Your divine heritage dramatically boosts your attributes as you level up.


Message History

The orc priest begins to cast a cantrip, but forgets the words!
There is a stone staircase leading up here.
You slash the orc!
You kill the orc!
The orc priest hits you with a +0 club.
You climb upwards.
There is a stone staircase leading down here.
You hit the orc priest but do no damage.
The orc priest barely misses you.
You barely miss the orc priest. You block the orc priest's attack.
You closely miss the orc priest.
The orc priest hits you but does no damage.
The orc priest calls down the wrath of Beogh upon you.
Pain shoots through your body!
You hit the orc priest.
The orc priest is moderately wounded.
The orc priest calls down the wrath of Beogh upon you.
Beogh smites you!
* * * LOW HITPOINT WARNING * * *
You are too injured to fight recklessly!
You are too injured to fight recklessly!
You are too injured to fight recklessly!
You are too injured to fight recklessly!
You are too injured to fight recklessly!
You are too injured to fight recklessly!
You are too injured to fight recklessly!
You are too injured to fight recklessly!
You are too injured to fight recklessly!
You are too injured to fight recklessly!
You are too injured to fight recklessly!
You are too injured to fight recklessly!
You are too injured to fight recklessly!
You are too injured to fight recklessly!
You are too injured to fight recklessly!
Unknown command.
You completely miss the orc priest.
The orc priest is moderately wounded.
The orc priest invokes the aid of Beogh against you.
Pain shoots through your body!
You die...

############## #.####.
#...........(# #....#.
###.##########.# #....#. ......#
#..#.############...[#. ###.#.#
#..#.#................. #.#.#
#..#.#.##########.##### #.#.#
#..#>#.##########.# ###.#.#
#..#.#.#..........##### ^...#.#
#..#.#@o............... ....#.#
#..#.#................. ....#.#
###..#.####.#######.#...# ..[.#.#
#......<...)........#...#
#####.###...##.##.....#####.#...#
#..........+..##.....# #.#...#
#.##.###...#####.....# #.#...#
#.##.# #†..# #.....#####.#####
#.##.# #...# #...........#####


You could see an orc priest.

Vanquished Creatures
  A hound skeleton (D:3)
  Robin (D:2)
  3 gnolls
  3 adders (D:2)
  An adder zombie (D:3)
  An adder skeleton (D:3)
  A dart slug (D:2)
  3 orcs (D:3)
  An endoplasm (D:3)
  3 giant cockroaches
  13 goblins
  9 hobgoblins
  4 jackals (D:1)
  4 kobolds
  A quokka (D:1)
  4 ball pythons
  5 bats
  2 frilled lizards (D:1)
  A jackal skeleton (D:3)
  4 rats
65 creatures vanquished.

Vanquished Creatures (others)
  A withered plant (D:3)
1 creature vanquished.

Grand Total: 66 creatures vanquished

Notes
Turn   | Place    | Note
-------+----------+-------------------------------------------
     0 | D:1      | Hasart the Demigod Fighter began the quest for the Orb.
     0 | D:1      | Reached XP level 1. HP: 18/18 MP: 3/3
   188 | D:1      | Reached XP level 2. HP: 25/25 MP: 4/4
   521 | D:1      | Reached skill level 1 in Dodging
  1107 | D:2      | Noticed Robin
  1131 | D:2      | Reached XP level 3. HP: 23/31 MP: 5/5
  1149 | D:2      | Killed Robin
  1683 | D:2      | Reached XP level 4. HP: 26/38 MP: 6/6
  2451 | D:2      | Reached skill level 1 in Throwing
  2768 | D:2      | Killed from afar by an orc priest

Illustrated notes

Levels and vault maps discovered:
D:1:      nzn_arrival_settlement, layout_basic, ebering_ecumenical_altar_webs
D:2:      layout_basic, uniq_robin
D:3:      layout_basic, tso_metal_star, serial_undead, serial_undead_c,
          serial_undead_d, serial_undead_e, serial_undead_c, serial_undead_f

Skill      XL: |  1  2  3  4 |
---------------+-------------+-----
Long Blades    | 2 3 |  3.0
Dodging        | 1 |  1.5
Fighting       | 3 |  3.3
Armour         | 3 |  3.2
Shields        | 3 |  3.1
Throwing       | 1 |  1.0

Action                   |  1- 3 |  4- 6 || total
-------------------------+-------+-------++-------
Melee: Long sword        |   135 |    93 ||   228
Armor: Chain mail        |    89 |    69 ||   158
Dodge: Dodged            |    38 |    39 ||    77
Block: Buckler           |    44 |    26 ||    70
